 Dungeon Crawl Stone Soup version 0.18.1-48-g4cf74bf (webtiles) character file.

6 ololoev the Firebug (level 1, 8/10 HPs)
             Began as a Deep Elf Fire Elementalist on July 28, 2016.
             Quit the game on level 4 of the Dungeon.
             The game lasted 00:01:42 (103 turns).

ololoev the Firebug (Deep Elf Fire Elementalist)     Turns: 103, Time: 00:01:43

Health: 8/10       AC:  2    Str:  5    XL:     1   Next: 75%
Magic:  1/6        EV: 13    Int: 19    God:
Gold:   14         SH:  0    Dex: 15    Spells: 1 memorised, 5 levels left

rFire  . . .     SeeInvis .     (no weapon)
rCold  . . .     Gourm    .     a - +0 robe
rNeg   . . .     Faith    .     (no shield)
rPois  .         Spirit   .     (no helmet)
rElec  .         Dismiss  .     (no cloak)
rCorr  .         Reflect  .     (no gloves)
SustAt .         Harm     .     (no boots)
MR     .....                    (no amulet)
Stlth  ++........               (no ring)
                                (no ring)

@: not resistant to hostile enchantments, unstealthy
A: no striking features
a: no special abilities

Inventory:

Armour
 a - a +0 robe (worn)
Scrolls
 e - a scroll of identify {unknown}
Potions
 d - 2 potions of degeneration {unknown}
Books
 b - a book of Flames

   Spells                             Type                      Level
   a - Flame Tongue                   Conjuration/Fire             1
   b - Throw Flame                    Conjuration/Fire             2
   c - Conjure Flame                  Conjuration/Fire             3
   d - Inner Flame                    Hexes/Fire                   3
   e - Sticky Flame                   Conjuration/Fire             4
   f - Fireball                       Conjuration/Fire             5
Comestibles
 c - a bread ration


   Skills:
 - Level 2.4 Dodging
 - Level 2.4 Stealth
 + Level 3.0 Spellcasting
 * Level 1.8 Conjurations
 + Level 3.4 Fire Magic


You had 5 spell levels left.
You knew the following spells:

 Your Spells              Type           Power        Failure   Level  Hunger
a - Flame Tongue          Conj/Fire      ##...        8%          1    None


You were on level 4 of the Dungeon.
You were not hungry.

You visited 1 branch of the dungeon, and saw 4 of its levels.

You collected 14 gold pieces.

s# .# .
####.###..
##........#
##....o[..##
#........o.#
#..o.......#
#..o@....(.#
#..l.......#
#.........)#
##........##
..........#
#.......<..#
#......o...#
#........>.#

Notes
Turn   | Place    | Note
--------------------------------------------------------------
     0 | D:1      | ololoev the Deep Elf Fire Elementalist began the quest for the Orb.
     0 | D:1      | Reached XP level 1. HP: 10/10 MP: 6/6
    71 | D:2      | crauler: вампир/петух?
    72 | D:2      | ololoev: where?
    84 | D:3      | crauler: я предлагаю
   101 | D:3      | ololoev: петух ничем не лучше
   101 | D:3      | ololoev: у вампира инты вроде мало
   101 | D:3      | ololoev: !apt vp
   101 | D:3      | beem: Vp: Fighting: -1, Short: 1, Long: 0, Axes: -1, Maces: -2, Polearms: -1, Staves: -2, Slings: -2, Bows: -2, Xbows: -2, Throw: -2*, Armour: -2, Dodge: 1, Stealth: 5!, Shields: -1, UC: 1!, Splcast: -1, Conj: -3*, Hexes: 4!, Charms: 1, Summ: 0, Nec: 1, Tloc: -2, Tmut: 1, Fire: -2, Ice: 0, Air: 0, Earth: 0, Poison: -1, Inv: -1*, Evo: -1, Exp: -1, HP: 0, MP: 0
   101 | D:3      | crauler: 0.9 спид
   101 | D:3      | ololoev: !stats vpfe
   101 | D:3      | beem: Starting stats for VpFE: Str 7 Int 17 Dex 14. Stat gain: id/5
   101 | D:3      | ololoev: высокий спид это плохо
   101 | D:3      | ololoev: вампир вообще имбецил
   101 | D:3      | ololoev: Conj: -3
   101 | D:3      | ololoev: необучаемый
   102 | D:4      | Noticed an orc priest
   102 | D:4      | Noticed an orc priest
   102 | D:4      | Noticed a scorpion
   103 | D:4      | ololoev: ну офигеть
   103 | D:4      | ololoev: я ^qyes
   103 | D:4      | Quit the game

Dungeon Overview and Level Annotations

Branches:
Dungeon (4/15)
 Temple: D:4-7

Altars:


Message History

Aim: a rat The flame tongue hits the goblin.
The goblin is severely wounded.
The goblin closely misses you.
Casting: Flame Tongue
Confirm with . or Enter, or press ? or * to list all spells.
Aiming: Flame Tongue
Press: ? - help, Shift-Dir - straight line, f/p - rat
Aim: a rat The flame tongue hits the goblin.
You kill the goblin!
Casting: Flame Tongue
Confirm with . or Enter, or press ? or * to list all spells.
Aiming: Flame Tongue
Press: ? - help, Shift-Dir - straight line, f - dart slug, p - rat
Aim: a dart slug (clinging)
The flame tongue hits the rat.
You kill the rat!
Casting: Flame Tongue
Confirm with . or Enter, or press ? or * to list all spells.
Aiming: Flame Tongue
Press: ? - help, Shift-Dir - straight line, f/p - dart slug
Aim: a dart slug (clinging)
The flame tongue hits the dart slug.
The dart slug is moderately wounded.
There is a stone staircase leading down here.
You climb downwards.
A giant cockroach comes into view.
Found 25 stones.
Found a stone staircase leading down.
There is a stone staircase leading up here.
Casting: Flame Tongue
Confirm with . or Enter, or press ? or * to list all spells.
Aiming: Flame Tongue
Press: ? - help, Shift-Dir - straight line, f - giant cockroach
Aim: a giant cockroach (clinging)
The flame tongue hits the giant cockroach.
The giant cockroach appears unharmed.
Casting: Flame Tongue
Confirm with . or Enter, or press ? or * to list all spells.
Aiming: Flame Tongue
Press: ? - help, Shift-Dir - straight line, f/p - giant cockroach
Aim: a giant cockroach (clinging)
The flame tongue hits the giant cockroach.
You kill the giant cockroach!
There is a stone staircase leading down here.
A giant gecko skeleton comes into view.
A bat and a zombie come into view.
Found 16 gold pieces.
Found 24 bolts.
There is a stone staircase leading down here.
You climb downwards.
A kobold comes into view. It is wielding a dagger.
Found a war axe and 14 gold pieces.
There is a stone staircase leading up here.
Casting: Flame Tongue
Confirm with . or Enter, or press ? or * to list all spells.
Aiming: Flame Tongue
Press: ? - help, Shift-Dir - straight line, f - kobold
Aim: a kobold, wielding a dagger The flame tongue hits the kobold.
The kobold is severely wounded.
The kobold hits you with a dagger.
Casting: Flame Tongue
Confirm with . or Enter, or press ? or * to list all spells.
Aiming: Flame Tongue
Press: ? - help, Shift-Dir - straight line, f/p - kobold
Aim: a kobold, wielding a dagger (severely wounded)
The flame tongue hits the kobold.
You kill the kobold!
You now have 14 gold pieces.
Found a stone staircase leading down.
Found 14 stones.
There is a stone staircase leading down here.
You climb downwards.
A giant newt, a scorpion, 3 orcs and 2 orc priests come into view.
The orc shouts!
The orc priest shouts! x2; The orc shouts!
Found 25 stones, a spear, a bread ration and a ring mail.
Found a stone staircase leading up and a stone staircase leading down.
There is a stone staircase leading up here.
Are you sure you want to abandon this character and quit the game? (Confirm with "yes".)

You could see a scorpion, 2 orc priests, 3 orcs and a giant newt.

Vanquished Creatures
  A giant cockroach (D:2)
  A goblin (D:1)
  A kobold (D:3)
  A bat (D:1)
  A giant newt (D:1)
  A rat (D:1)
6 creatures vanquished.

Action                   || total
-------------------------++-------
 Cast: Flame Tongue      ||    13
Armor: Robe              ||     2
Dodge: Dodged            ||     1

Vault maps used:
D:1:      evilmike_arrival_home_sweet_home, ashenzari_altar_1
D:2:      serial_undead, serial_undead_e, serial_undead_e, serial_undead_a,
          serial_undead_e, serial_undead_a, serial_undead_b, serial_undead_c,
          serial_undead_c, serial_undead_e, serial_undead_b,
          makhleb_altar_promises_db
D:3:      lemuel_crystal_altar, nicolae_overflow_hidden_temple,
          yredelemnul_altar_generic
D:4:      minmay_temple_entry_hall, first_bread
